PBL
MINNESOTA TWINS @ NEW YORK YANKEES
07/12/2071
 
TOP OF THE 1ST
Minnesota Twins batting - Pitching for New York Yankees : RHP Gordon Roberge
Pitching: RHP Gordon Roberge
Batting: LHB Leandro Vargo 0-0: Fly out, F3 (Popup, 3, EV 68.1 MPH)
Batting: RHB Jamal Cervantes 0-0: Called Strike
0-1: Ball
1-1: Ball
2-1: Ground out 4-3 (Groundball, 4S, EV 70.6 MPH)
Batting: LHB Geoffrey Foster 0-0: Ball
1-0: Foul Ball, location: 2F
1-1: Swinging Strike
1-2: Foul Ball, location: 25F
1-2: Ball
2-2: Foul Ball, location: 5SF
2-2: Ball
3-2: Base on Balls
Batting: RHB Rafael Negrete 0-0: Ball
1-0: Called Strike
1-1: Foul Ball, location: 9LMF
1-2: Strikes out swinging, 2-3 out at first.
Top of the 1st over - 0 runs, 0 hits, 0 errors, 1 left on base; Minnesota 0 - New York 0
BOTTOM OF THE 1ST
New York Yankees batting - Pitching for Minnesota Twins : LHP Wes Bell
Pitching: LHP Wes Bell
Batting: RHB José Guillén 0-0: Called Strike
0-1: Ball
1-1: SINGLE (Flyball, 6MD, EV 94.4 MPH)
Batting: SHB Tony Aponte 0-0: Fly out, F3 (Popup, 3, EV 65.0 MPH)
Batting: RHB Wayne Dorsett 0-0: Ball
1-0: Ball
2-0: Called Strike
2-1: 2-RUN HOME RUN (Flyball, 9D, EV 96.3 MPH), Distance : 376 ft
Batting: LHB Guillermo Rodríguez 0-0: Called Strike
0-1: Swinging Strike
0-2: Ball
1-2: Ball
2-2: Strikes out swinging
Batting: RHB Matt Marples 0-0: Called Strike
0-1: SOLO HOME RUN (Flyball, 7LD, EV 91.3 MPH), Distance : 331 ft
Batting: RHB José Costello 0-0: Called Strike
0-1: Called Strike
0-2: Foul Ball, location: 23F
0-2: Foul Ball, location: 23F
0-2: Strikes out looking
Bottom of the 1st over - 3 runs, 3 hits, 0 errors, 0 left on base; Minnesota 0 - New York 3
TOP OF THE 2ND
Minnesota Twins batting - Pitching for New York Yankees : RHP Gordon Roberge
Batting: LHB Raúl Rodríguez 0-0: Ball
1-0: Ground out U3 (Groundball, 3, EV 93.8 MPH)
Batting: RHB Ronald Livingston 0-0: SINGLE (Line Drive, 56D, EV 96.3 MPH)
Batting: LHB Ignacio Chávez 0-0: Ball
1-0: Ball
2-0: Called Strike
2-1: Fly out, F6 (Popup, 6, EV 68.1 MPH)
Batting: RHB Rafael Lorenzo 0-0: Ball
1-0: Ball
2-0: Ball
3-0: Called Strike
3-1: Base on Balls
Ronald Livingston to second
Batting: RHB Michael Crouss 0-0: 3-RUN HOME RUN (Flyball, 7D, EV 97.5 MPH), Distance : 389 ft
Batting: LHB Leandro Vargo 0-0: Foul Ball, location: 5FF
0-1: Ground out 3-1 (Groundball, 34, EV 108.1 MPH)
Top of the 2nd over - 3 runs, 2 hits, 0 errors, 0 left on base; Minnesota 3 - New York 3
BOTTOM OF THE 2ND
New York Yankees batting - Pitching for Minnesota Twins : LHP Wes Bell
Batting: RHB Wing Rang 0-0: Ball
1-0: Called Strike
1-1: Ball
2-1: Ball
3-1: Foul Ball, location: 5F
3-2: Strikes out looking
Batting: RHB Bogdan Pavelko 0-0: Ball
1-0: Foul Ball, location: 2F
1-1: Called Strike
1-2: Strikes out swinging
Batting: RHB Chris Anderson 0-0: Ball
1-0: Foul Ball, location: 25F
1-1: Ball
2-1: Fly out, F8 (Flyball, 8LM, EV 82.5 MPH)
Bottom of the 2nd over - 0 runs, 0 hits, 0 errors, 0 left on base; Minnesota 3 - New York 3
TOP OF THE 3RD
Minnesota Twins batting - Pitching for New York Yankees : RHP Gordon Roberge
Batting: RHB Jamal Cervantes 0-0: Ball
1-0: Ball
2-0: Called Strike
2-1: Swinging Strike
2-2: Foul Ball, location: 5F
2-2: Ball
3-2: Base on Balls
Batting: LHB Geoffrey Foster 0-0: Called Strike
0-1: Fly out, F6 (Popup, 4M, EV 50.6 MPH)
Batting: RHB Rafael Negrete 0-0: Ball
1-0: Foul Ball, location: 2F
1-1: Foul Ball, location: 9LSF
1-2: Fly out, F7 (Flyball, 78S, EV 72.5 MPH)
Batting: LHB Raúl Rodríguez 0-0: Ball
1-0: Fielders Choice at 2nd, 6-4 (Groundball, 6, EV 101.9 MPH)
Top of the 3rd over - 0 runs, 0 hits, 0 errors, 1 left on base; Minnesota 3 - New York 3
BOTTOM OF THE 3RD
New York Yankees batting - Pitching for Minnesota Twins : LHP Wes Bell
Batting: RHB José Guillén 0-0: Ball
1-0: Called Strike
1-1: Swinging Strike
1-2: Ball
2-2: Foul Ball, location: 2F
2-2: Ball
3-2: Strikes out swinging
Batting: SHB Tony Aponte 0-0: Ball
1-0: Foul Ball, location: 2F
1-1: Foul Ball, location: 7LSF
1-2: DOUBLE (Flyball, 8LXD, EV 108.8 MPH)
Batting: RHB Wayne Dorsett 0-0: Ball
1-0: Foul Ball, location: 23FF
1-1: Ball
2-1: Called Strike
2-2: Strikes out swinging
Batting: LHB Guillermo Rodríguez 0-0: Called Strike
0-1: Ball
1-1: Swinging Strike
1-2: Strikes out looking
Bottom of the 3rd over - 0 runs, 1 hit, 0 errors, 1 left on base; Minnesota 3 - New York 3
TOP OF THE 4TH
Minnesota Twins batting - Pitching for New York Yankees : RHP Gordon Roberge
Batting: RHB Ronald Livingston 0-0: Called Strike
0-1: Ball
1-1: Ball
2-1: Foul Ball, location: 9LSF
2-2: Ground out 6-3 (Groundball, 6, EV 81.9 MPH)
Batting: LHB Ignacio Chávez 0-0: Ball
1-0: Foul Ball, location: 2F
1-1: Ball
2-1: Ball
3-1: Base on Balls
Batting: RHB Rafael Lorenzo 0-0: Foul Ball, location: 9LSF
0-1: Ball
1-1: Foul Ball, location: 3F
1-2: Ball
2-2: Ball
3-2: Base on Balls
Ignacio Chávez to second
Batting: RHB Michael Crouss 0-0: Ball
1-0: Swinging Strike
1-1: Foul Ball, location: 2F
1-2: Grounds into double play, 6-4-3 (Groundball, 6, EV 80.6 MPH)
Top of the 4th over - 0 runs, 0 hits, 0 errors, 1 left on base; Minnesota 3 - New York 3
BOTTOM OF THE 4TH
New York Yankees batting - Pitching for Minnesota Twins : LHP Wes Bell
Batting: RHB Matt Marples 0-0: Ground out 6-3 (Groundball, 6M, EV 82.5 MPH)
Batting: RHB José Costello 0-0: Foul Ball, location: 2F
0-1: Ball
1-1: Called Strike
1-2: Ball
2-2: Foul Ball, location: 9LSF
2-2: Hit by Pitch
Batting: RHB Wing Rang 0-0: Hit by Pitch
José Costello to second
Batting: RHB Bogdan Pavelko 0-0: Called Strike
0-1: Fielders Choice at 2nd, 6-4 (Groundball, 6MD, EV 83.1 MPH)
José Costello to third
Batting: RHB Chris Anderson 0-0: Ball
1-0: Ball
2-0: Called Strike
2-1: Called Strike
2-2: Strikes out looking
Bottom of the 4th over - 0 runs, 0 hits, 0 errors, 2 left on base; Minnesota 3 - New York 3
TOP OF THE 5TH
Minnesota Twins batting - Pitching for New York Yankees : RHP Gordon Roberge
Batting: LHB Leandro Vargo 0-0: Called Strike
0-1: Ball
1-1: Ball
2-1: Foul Ball, location: 23F
2-2: Ball
3-2: Fly out, F8 (Flyball, 8RS, EV 98.1 MPH)
Pitching: LHP Robin King
Batting: RHB Jamal Cervantes 0-0: Foul Ball, location: 9LSF
0-1: Ball
1-1: Ground out 6-3 (Groundball, 6, EV 85.0 MPH)
Batting: LHB Geoffrey Foster 0-0: Ball
1-0: Ball
2-0: Ball
3-0: Called Strike
3-1: Base on Balls
Batting: RHB Rafael Negrete 0-0: Called Strike
0-1: Swinging Strike
0-2: Ball
1-2: Ball
2-2: Fly out, F7 (Flyball, 78D, EV 101.3 MPH)
Top of the 5th over - 0 runs, 0 hits, 0 errors, 1 left on base; Minnesota 3 - New York 3
BOTTOM OF THE 5TH
New York Yankees batting - Pitching for Minnesota Twins : LHP Wes Bell
Batting: RHB José Guillén 0-0: Fly out, F4 (Popup, 34D, EV 46.9 MPH)
Batting: SHB Tony Aponte 0-0: Called Strike
0-1: Foul Ball, location: 5F
0-2: Strikes out swinging
Batting: RHB Wayne Dorsett 0-0: Ball
1-0: SOLO HOME RUN (Flyball, 8LXD, EV 108.8 MPH), Distance : 418 ft
Batting: LHB Guillermo Rodríguez 0-0: Ball
1-0: SINGLE (Groundball, 4MD, EV 99.4 MPH)
Batting: RHB Matt Marples 0-0: Ball
1-0: Swinging Strike
1-1: Fly out, F9 (Flyball, 89S, EV 95.6 MPH)
Bottom of the 5th over - 1 run, 2 hits, 0 errors, 1 left on base; Minnesota 3 - New York 4
TOP OF THE 6TH
Minnesota Twins batting - Pitching for New York Yankees : LHP Robin King
Batting: LHB Raúl Rodríguez 0-0: Ball
1-0: Ball
2-0: Called Strike
2-1: SINGLE (Line Drive, 89S, EV 85.6 MPH)
Batting: RHB Ronald Livingston 0-0: Ball
1-0: Fly out, F8 (Line Drive, 89M, EV 106.3 MPH)
Pitching: LHP Mike DeBenham
Batting: LHB Ignacio Chávez 0-0: SINGLE (Flyball, 34D, EV 90.0 MPH)
Raúl Rodríguez to second
Pinch Runner at 2nd Harry Fox:
Batting: RHB Rafael Lorenzo 0-0: Called Strike
0-1: Ball
1-1: Swinging Strike
1-2: Ball
2-2: Strikes out swinging
Batting: RHB Michael Crouss 0-0: Ball
1-0: Foul Ball, location: 9LSF
1-1: SINGLE (Groundball, 4MD, EV 104.4 MPH)
Harry Fox to third
Ignacio Chávez to second
Runner from 3rd tries for Home, SAFE, throw by CF to home
Batting: LHB Leandro Vargo 0-0: Called Strike
0-1: Ball
1-1: Ball
2-1: Swinging Strike
2-2: Ball
3-2: Ground out U3 (Groundball, 3, EV 108.1 MPH)
Top of the 6th over - 1 run, 3 hits, 0 errors, 2 left on base; Minnesota 4 - New York 4
BOTTOM OF THE 6TH
New York Yankees batting - Pitching for Minnesota Twins : LHP Wes Bell
Pitching: RHP Manuel Ramírez
Batting: RHB José Costello 0-0: Called Strike
0-1: Ground out 5-3 (Groundball, 56S, EV 81.3 MPH)
Batting: RHB Wing Rang 0-0: Called Strike
0-1: Ball
1-1: Foul Ball, location: 3F
1-2: Foul Ball, location: 2F
1-2: Strikes out swinging
Batting: RHB Bogdan Pavelko 0-0: Called Strike
0-1: Foul Ball, location: 9LDF
0-2: Foul Ball, location: 2F
0-2: SINGLE (Groundball, 4MS, EV 66.3 MPH) (infield hit)
Batting: RHB Chris Anderson 0-0: Called Strike
0-1: Ball
1-1: Ball
2-1: Foul Ball, location: 7LDF
2-2: Fly out, F3 (Popup, 3SF, EV 86.3 MPH)
Bottom of the 6th over - 0 runs, 1 hit, 0 errors, 1 left on base; Minnesota 4 - New York 4
TOP OF THE 7TH
Minnesota Twins batting - Pitching for New York Yankees : LHP Mike DeBenham
Batting: RHB Jamal Cervantes 0-0: Ball
1-0: Ball
2-0: Swinging Strike
2-1: Ball
3-1: Base on Balls
Batting: LHB Geoffrey Foster 0-0: Ball
1-0: Swinging Strike
1-1: Foul Ball, location: 25F
1-2: Strikes out swinging
Batting: RHB Rafael Negrete 0-0: Called Strike
0-1: Called Strike
0-2: Foul Ball, location: 7LMF
0-2: 2-RUN HOME RUN (Flyball, 7D, EV 98.8 MPH), Distance : 406 ft
Batting: SHB Harry Fox 0-0: Called Strike
0-1: Ball
1-1: Ball
2-1: Ball
3-1: Swinging Strike
3-2: Foul Ball, location: 9LSF
3-2: Base on Balls
Pitching: RHP Tyler Long
Batting: RHB Ronald Livingston 0-0: Reached on error, E6 (Groundball, 6S, EV 85.6 MPH)
Harry Fox to second
Batting: LHB Ignacio Chávez 0-0: Ball
1-0: SINGLE (Groundball, 6D, EV 82.5 MPH) (infield hit)
Harry Fox to third
Ronald Livingston to second
Batting: RHB Rafael Lorenzo 0-0: Ball
1-0: Swinging Strike
1-1: Swinging Strike
1-2: Strikes out swinging
Batting: RHB Michael Crouss 0-0: Ball
1-0: Fly out, F4 (Popup, 34, EV 75.0 MPH)
Top of the 7th over - 2 runs, 2 hits, 1 error, 3 left on base; Minnesota 6 - New York 4
BOTTOM OF THE 7TH
New York Yankees batting - Pitching for Minnesota Twins : RHP Manuel Ramírez
Batting: RHB José Guillén 0-0: Ball
1-0: Ball
2-0: Ball
3-0: Called Strike
3-1: Foul Ball, location: 2F
3-2: Strikes out looking
Batting: SHB Tony Aponte 0-0: Ball
1-0: SINGLE (Groundball, 13S, EV 63.8 MPH) (infield hit)
Batting: RHB Wayne Dorsett 0-0: Called Strike
0-1: Ball
1-1: Ball
2-1: Ball
Tony Aponte steals 2nd base
3-1: Base on Balls
Pitching: LHP Juan Gutiérrez
Batting: LHB Guillermo Rodríguez 0-0: Foul Ball, location: 2F
0-1: Swinging Strike
0-2: DOUBLE (Groundball, 5L, EV 101.3 MPH)
Tony Aponte scores
Wayne Dorsett to third
Runner from 3rd tries for Home, SAFE, throw by LF to home
Batting: RHB Matt Marples 0-0: 2-RUN HOME RUN (Line Drive, 7D, EV 105.0 MPH), Distance : 391 ft
Batting: RHB José Costello 0-0: Ball
1-0: Ball
2-0: Foul Ball, location: 3SF
2-1: Foul Ball, location: 2F
2-2: Ball
3-2: Base on Balls
Batting: RHB Wing Rang 0-0: Ball
1-0: Foul Ball, location: 5SF
1-1: Ball
2-1: Ball
3-1: Foul Ball, location: 2F
3-2: Fly out, F8 (Line Drive, 78M, EV 99.4 MPH)
Batting: RHB Bogdan Pavelko 0-0: Ball
1-0: Called Strike
1-1: Foul Ball, location: 2F
1-2: Fielders Choice at 2nd, 5-4 (Groundball, 56, EV 88.1 MPH)
Bottom of the 7th over - 4 runs, 3 hits, 0 errors, 1 left on base; Minnesota 6 - New York 8
TOP OF THE 8TH
Minnesota Twins batting - Pitching for New York Yankees : RHP Tyler Long
Now in LF: Bogdan Pavelko
Now in CF: Dave Welch
Batting: LHB Leandro Vargo 0-0: Fly out, F6 (Popup, P, EV 76.9 MPH)
Batting: RHB Jamal Cervantes 0-0: Called Strike
0-1: Ball
1-1: Foul Ball, location: 23F
1-2: Ball
2-2: Fly out, F7 (Flyball, 7, EV 88.1 MPH)
Batting: LHB Geoffrey Foster 0-0: Ball
1-0: Fly out, F7 (Flyball, 78M, EV 86.3 MPH)
Top of the 8th over - 0 runs, 0 hits, 0 errors, 0 left on base; Minnesota 6 - New York 8
BOTTOM OF THE 8TH
New York Yankees batting - Pitching for Minnesota Twins : LHP Juan Gutiérrez
Batting: RHB Chris Anderson 0-0: Ball
1-0: Ball
2-0: SINGLE (Groundball, 25, EV 70.0 MPH) (infield hit)
Batting: RHB José Guillén 0-0: Foul Ball, location: 2F
0-1: Ball
1-1: Called Strike
1-2: Foul Ball, location: 3F
1-2: Fly out, F8 (Flyball, 8LM, EV 93.8 MPH)
Batting: SHB Tony Aponte 0-0: Fly out, F9 (Line Drive, 89M, EV 102.5 MPH)
Batting: RHB Wayne Dorsett 0-0: Called Strike
0-1: Foul Ball, location: 2F
0-2: Strikes out swinging
Bottom of the 8th over - 0 runs, 1 hit, 0 errors, 1 left on base; Minnesota 6 - New York 8
TOP OF THE 9TH
Minnesota Twins batting - Pitching for New York Yankees : RHP Tyler Long
Pitching: LHP Guillermo Rodríguez
Now in LF: Dave Welch
Now in CF: Anthony Thomas
Batting: RHB Rafael Negrete 0-0: Ground out 4-3 (Groundball, 4MS, EV 71.3 MPH)
Batting: SHB Harry Fox 0-0: Called Strike
0-1: Foul Ball, location: 5F
0-2: Ball
1-2: Strikes out swinging
Batting: RHB Ronald Livingston 0-0: Ball
1-0: Ball
2-0: Ground out 6-3 (Groundball, 4MS, EV 82.5 MPH)
Top of the 9th over - 0 runs, 0 hits, 0 errors, 0 left on base; Minnesota 6 - New York 8
Monday, April 29th , 2024 - OOTP Baseball 24.10 Build 82